 Dungeon Crawl Stone Soup version 0.19.0-26-g9e9c210 (webtiles) character file.

66923 olma the Bludgeoner (level 14, -5/219 HPs)
             Began as a Minotaur Berserker on Nov 23, 2016.
             Was a High Priest of Trog.
             Slain by a death yak (13 damage)
             ... on level 6 of the Lair of Beasts.
             The game lasted 02:25:31 (20519 turns).

olma the Bludgeoner (Minotaur Berserker)           Turns: 20519, Time: 02:25:31

Health: -5/219     AC: 16    Str: 33    XL:     14   Next: 81%
Magic:  13/13      EV: 11    Int:  4    God:    Trog [*****.]
Gold:   1199       SH:  0    Dex: 14    Spells: 0 memorised, 13 levels left

rFire  . . .     SeeInvis +     U - +3 great mace (crush)
rCold  . . .     Gourm    .     C - +1 scale mail of the Harvest {rPois}
rNeg   . . .     Faith    .     (shield currently unavailable)
rPois  +         Spirit   .     s - +0 hat {SInv}
rElec  .         Reflect  .     i - +0 cloak
rCorr  .         Harm     .     O - +2 pair of gloves
MR     +++..                    z - +0 pair of boots
Stlth  ..........               d - amulet of regeneration
                                G - +2 ring of dexterity
                                n - +3 ring of strength

@: berserking, regenerating, studying Bows, very quick
A: retaliatory headbutt, horns 2
a: Berserk, Trog's Hand, Brothers in Arms, Burn Spellbooks, Renounce Religion


You were on level 6 of the Lair of Beasts.
You worshipped Trog.
Trog was extremely pleased with you.
You were very hungry.

You visited 2 branches of the dungeon, and saw 17 of its levels.

You collected 1337 gold pieces.
You spent 138 gold pieces at shops.

Inventory:

Hand Weapons
 b - a +5 flail of holy wrath
 h - a +6 antimagic great mace
 J - a +0 shortbow of freezing
 U - a +3 great mace of crushing (weapon)
Missiles
 g - 145 arrows
 B - 72 bolts
Armour
 i - a +0 cloak (worn)
 m - a +0 plate armour
 s - a +0 hat of see invisible (worn)
 z - a +0 pair of boots (worn)
 C - the +1 scale mail of the Harvest (worn) {rPois}
   (You took it off an orc on level 6 of the Dungeon)

   It protects you from poison.
 O - a +2 pair of gloves (worn)
Jewellery
 d - an amulet of regeneration (around neck)
 n - a +3 ring of strength (left hand)
 p - an uncursed ring of flight
 v - an uncursed ring of see invisible
 G - a +2 ring of dexterity (right hand)
 N - an uncursed ring of wizardry {unknown}
Wands
 a - a wand of iceblast (5/15)
 P - a wand of disintegration (6/24)
 Z - a wand of teleportation (4/9)
Scrolls
 c - a scroll of acquirement {unknown}
 l - 2 scrolls of enchant weapon
 q - 3 scrolls of fear
 r - 5 scrolls of teleportation
 A - a scroll of magic mapping
 Q - 4 scrolls of enchant armour
 S - 2 scrolls of recharging {unknown}
 T - a scroll of summoning {unknown}
 X - a scroll of fog {unknown}
 Y - a scroll of blinking {unknown}
Potions
 e - 3 potions of agility
 f - 3 potions of curing
 o - 3 potions of flight
 t - 3 potions of resistance
 u - a potion of might {unknown}
 w - 3 potions of cancellation
 x - 9 potions of heal wounds
 D - a potion of brilliance
 H - a potion of berserk rage
 I - 3 potions of ambrosia
 L - a potion of magic
 W - a potion of mutation
Books
 E - a manual of Bows
Comestibles
 j - 8 beef jerkies
 k - 9 fruits
 F - 3 chunks of flesh
 M - 6 meat rations
 R - 4 bread rations
 V - 2 slices of pizza


   Skills:
 + Level 19.2 Fighting
 * Level 19.8 Maces & Flails
 - Level 4.1 Bows
 - Level 11.0 Armour
 - Level 2.1 Dodging


You had 13 spell levels left.
You didn't know any spells.

Dungeon Overview and Level Annotations

Branches:
Dungeon (11/15)            Temple (0/1) D:7            Lair (6/6) D:11
 Shoals (0/4) Lair:3       Spider (0/4) Lair:4        Slime (0/5) Lair:5
    Orc (0/2) D:11

Altars:
Cheibriados
Gozag
Hepliaklqana
Kikubaaqudgha
Makhleb
Nemelex Xobeh
Okawaru
Ru
Sif Muna
Trog
Yredelemnul
Zin
Beogh

Shops:
D:6 *


Innate Abilities, Weirdness & Mutations

You reflexively headbutt those who attack you in melee.
You have a pair of horns on your head.


Message History

* * * LOW HITPOINT WARNING * * *
The death yak gores you!!
* * * LOW HITPOINT WARNING * * *
You barely miss the death yak.
The death yak is lightly wounded.
The death yak gores you but does no damage.
You hit the death yak.
The death yak is lightly wounded.
You hit the death yak. You headbutt the death yak!
The death yak is moderately wounded.
The death yak gores you!
* * * LOW HITPOINT WARNING * * *
The death yak gores you but does no damage.
The death yak gores you!
* * * LOW HITPOINT WARNING * * *
You pound the death yak like an anvil!!!
You kill the death yak!
Trog accepts your kill. The death yak gores you!
You die...

#...###......### *##### **,
#.P## ##.....P## ####....###,,
..## ##...###..# #P...8.....,,
..# ##...####### *#....8....,*
..# #...###.### ###†8.(..8.,*
..# #..##.....## #.Y.Y(8.8..**
#.###......#...###
##..##(....#*
.###......##....†###..##*#...(#
.# ##....####...@Y...##
*#Y.##** .# ##.### ##.###Y..##
*,(##**, .# ### ##..# ##..P#
**,Y*,,, ### #######..## #P..##
*,,Y,,* ..# #..##...## ##..###
**,**** ..# ##......### ##...##
*,* ..# #....##...### ###..###
*,* ..# ##...####...##
##....##*,* ..####...P#
##...###......#*,*


You could see 2 death yaks.

Vanquished Creatures
  Rupert (Lair:3)
  Gastronok (D:8)
  Snorg (D:11)
  2 ogre magi (D:11)
  5 hydras
  A catoblepas (Lair:6)
  19 death yaks
  2 hill giants (D:10)
  A wolf spider zombie (D:10)
  An ugly thing (D:11)
  A manticore (Lair:3)
  8 elephants
  Joseph (D:9)
  3 black mambas
  15 spiny frogs
  A gargoyle (D:11)
  The ghost of jerryfan the Firebug, a novice DgFE (D:5)
  7 komodo dragons
  3 rime drakes
  2 trolls (D:10)
  A jumping spider (Lair:4)
  2 polar bears
  4 two-headed ogres
  Prince Ribbit (D:6)
  A slime creature (Lair:5)
  27 blink frogs
  14 hippogriffs
  A hornet (D:9)
  7 dream sheep (Lair:6)
  53 yaks
  A wraith (D:11)
  Sigmund (D:6)
  3 wyverns
  Grum (D:11)
  6 basilisks
  2 hungry ghosts
  Edmund (D:6)
  11 porcupines
  7 water moccasins
  4 orc warriors
  3 phantoms
  An ice beast (D:8)
  3 sky beasts
  A black bear (Lair:4)
  15 wolves
  3 centaurs
  15 ogres
  8 crocodiles
  A big kobold (D:9)
  19 bullfrogs
  2 gnoll sergeants
  2 scorpions
  3 troll zombies (D:11)
  6 killer bees (D:7)
  5 crimson imps
  4 hounds
  6 jellies
  8 orc priests
  12 orc wizards
  2 bullfrog skeletons
  5 centaur skeletons
  An iguana (D:4)
  Ijyb (D:3)
  4 hell rats (Lair:6)
  8 worker ants
  A killer bee zombie (D:5)
  3 ogre zombies (D:11)
  A hound skeleton (D:7)
  A howler monkey skeleton (D:4)
  9 gnolls
  4 adders
  2 shadow imps
  2 adder skeletons (D:4)
  An adder zombie (D:6)
  A worm (D:5)
  2 dart slugs (D:3)
  The ghost of dscm the Digger, a weakling OpEE (D:4)
  4 leopard geckos
  74 orcs
  3 ball pythons
  4 giant cockroaches
  2 goblins
  4 hobgoblins
  2 jackals (D:5)
  3 quokkas
  11 bats
  8 frilled lizards
  A goblin skeleton (D:11)
  4 goblin zombies (D:11)
  A hobgoblin skeleton (D:11)
  2 hobgoblin zombies (D:11)
  13 kobolds
  2 leopard gecko skeletons
  11 orc zombies (D:11)
  11 rats
  A spectral orc (D:8)
  A fungus (Lair:1)
  A plant (Lair:6)
553 creatures vanquished.

Vanquished Creatures (collateral kills)
  A hydra (D:11)
  Erica (D:11)
  Psyche (D:11)
3 creatures vanquished.

Vanquished Creatures (others)
  5 fungi
  14 plants
19 creatures vanquished.

Grand Total: 575 creatures vanquished

Notes
Turn   | Place    | Note
-------+----------+-------------------------------------------
     0 | D:1      | olma the Minotaur Berserker began the quest for the Orb.
     0 | D:1      | Reached XP level 1. HP: 19/19 MP: 0/0
   386 | D:1      | Reached XP level 2. HP: 27/27 MP: 1/1
   986 | D:2      | Found an opulent altar of Gozag.
  1159 | D:2      | Reached ** piety under Trog
  1159 | D:2      | Reached XP level 3. HP: 31/33 MP: 2/2
  1430 | D:3      | Noticed Ijyb
  1439 | D:3      | Killed Ijyb
  1439 | D:3      | Reached skill level 5 in Maces & Flails
  1570 | D:3      | Reached XP level 4. HP: 41/41 MP: 3/3
  2365 | D:3      | Found a sacrificial altar of Ru.
  2766 | D:3      | Reached XP level 5. HP: 47/47 MP: 4/4
  2934 | D:4      | Reached skill level 5 in Fighting
  3212 | D:4      | Noticed dscm's ghost (weakling OpEE)
  3221 | D:4      | Killed dscm's ghost
  3267 | D:4      | Found a deep blue altar of Sif Muna.
  3300 | D:4      | Found a glowing silver altar of Zin.
  3419 | D:4      | Reached *** piety under Trog
  3523 | D:4      | Reached XP level 6. HP: 37/56 MP: 5/5
  3927 | D:5      | Entered Level 5 of the Dungeon
  3933 | D:5      | Noticed a sky beast
  3949 | D:4      | Killed a sky beast
  4389 | D:5      | Found a burning altar of Makhleb.
  4449 | D:5      | Reached XP level 7. HP: 63/63 MP: 6/6
  4752 | D:5      | HP: 3/96 [something (5)]
  5103 | D:5      | Found a hazy altar of Hepliaklqana.
  5361 | D:5      | Reached **** piety under Trog
  5361 | D:5      | Reached XP level 8. HP: 62/73 MP: 7/7
  5455 | D:5      | Noticed jerryfan's ghost (novice DgFE)
  5462 | D:5      | Killed jerryfan's ghost
  5462 | D:5      | Reached skill level 10 in Maces & Flails
  6338 | D:6      | Received a gift from Trog
  6695 | D:6      | Found Mugestiu's General Store.
  6754 | D:6      | Bought a scroll of identify for 24 gold pieces
  6754 | D:6      | Bought a scroll of identify for 24 gold pieces
  6754 | D:6      | Bought a scroll of enchant armour for 90 gold pieces
  6847 | D:6      | Noticed Prince Ribbit
  6861 | D:6      | Killed Prince Ribbit
  6861 | D:6      | Reached XP level 9. HP: 82/82 MP: 8/8
  6900 | D:6      | Noticed Edmund
  6909 | D:6      | Killed Edmund
  7035 | D:6      | Got a smoking scale mail
  7115 | D:6      | Noticed Sigmund
  7126 | D:6      | Killed Sigmund
  7696 | D:6      | Identified the cursed +1 scale mail of the Harvest {rPois} (You took it off an orc on level 6 of the Dungeon)
  7848 | D:7      | Found an iron altar of Okawaru.
  8125 | D:7      | Found a staircase to the Ecumenical Temple.
  8426 | D:7      | Reached skill level 10 in Fighting
  8777 | D:8      | Found a snail-covered altar of Cheibriados.
  8845 | D:8      | Reached XP level 10. HP: 94/94 MP: 9/9
  8905 | D:8      | Noticed Gastronok
  8912 | D:8      | Found a roughly hewn altar of Beogh.
  8943 | D:8      | Killed Gastronok
  8943 | D:8      | Reached skill level 15 in Maces & Flails
  8960 | D:8      | Reached ***** piety under Trog
  9039 | D:8      | Found an ancient bone altar of Kikubaaqudgha.
  9087 | D:8      | Found a basalt altar of Yredelemnul.
  9142 | D:8      | Found a sparkling altar of Nemelex Xobeh.
  9830 | D:9      | Noticed Joseph
  9841 | D:9      | Killed Joseph
 10014 | D:9      | Paralysed by a hornet for 2 turns
 10021 | D:9      | Paralysed by a hornet for 3 turns
 10156 | D:9      | Found an opulent altar of Gozag.
 10367 | D:9      | Reached XP level 11. HP: 100/104 MP: 10/10
 10455 | D:10     | Entered Level 10 of the Dungeon
 10902 | D:10     | Noticed a hill giant
 10911 | D:10     | Killed a hill giant
 11033 | D:10     | Noticed a hill giant
 11041 | D:10     | Killed a hill giant
 11264 | D:11     | Noticed an ogre mage
 11399 | D:11     | Killed an ogre mage
 11399 | D:11     | Received a gift from Trog
 11526 | D:11     | Noticed a white ugly thing
 11532 | D:11     | Killed a white ugly thing
 11629 | D:11     | Reached skill level 5 in Armour
 11756 | D:11     | Noticed Grum
 11772 | D:11     | Killed Grum
 11790 | D:11     | Noticed an ogre mage
 11798 | D:11     | Killed an ogre mage
 11798 | D:11     | Reached skill level 15 in Fighting
 11798 | D:11     | Reached XP level 12. HP: 119/119 MP: 11/11
 11900 | D:11     | Noticed Snorg
 11914 | D:11     | Killed Snorg
 11998 | D:11     | Found a staircase to the Orcish Mines.
 12263 | D:11     | Received a gift from Trog
 12295 | D:11     | Found a staircase to the Lair.
 12402 | D:11     | Noticed Psyche
 12408 | D:11     | Killed Psyche
 12514 | D:11     | Noticed Erica
 12517 | D:11     | Noticed a seven-headed hydra
 12523 | D:11     | Killed Erica
 12524 | D:11     | Killed an eight-headed hydra
 12831 | Lair:1   | Entered Level 1 of the Lair of Beasts
 12917 | Lair:1   | Received a gift from Trog
 12982 | Lair:1   | Noticed a death yak
 13011 | Lair:1   | Killed a death yak
 13131 | Lair:1   | Noticed a four-headed hydra
 13145 | Lair:1   | Reached skill level 10 in Armour
 13151 | Lair:1   | Killed a four-headed hydra
 14238 | Lair:1   | Reached XP level 13. HP: 127/129 MP: 12/12
 14960 | Lair:3   | Noticed Rupert
 14980 | Lair:3   | Killed Rupert
 15187 | Lair:3   | Found a staircase to the Shoals.
 16831 | Lair:4   | Found a bloodstained altar of Trog.
 16942 | Lair:4   | Received a gift from Trog
 17318 | Lair:4   | Found a hole to the Spider Nest.
 18366 | Lair:5   | Reached XP level 14. HP: 118/143 MP: 13/13
 18720 | Lair:5   | Found a staircase to the Slime Pits.
 19104 | Lair:6   | Entered Level 6 of the Lair of Beasts
 19132 | Lair:5   | Received a gift from Trog
 20372 | Lair:6   | Reached ****** piety under Trog
 20518 | Lair:6   | HP: 7/219 [death yak (17)]
 20519 | Lair:6   | Slain by a death yak

Skill      XL: |  1  2  3  4  5  6  7  8  9 10 11 12 13 14 |
---------------+-------------------------------------------+-----
Maces & Flails | 4 5 6 7 8 9 12 14 15 16 18 19 | 19.8
Fighting       | 4 5 6 7 8 10 12 15 16 18 19 | 19.2
Armour         | 7 11 | 11.0
Bows           | 4 |  4.1
Dodging        | |  2.1

Action                   |  1- 3 |  4- 6 |  7- 9 | 10-12 | 13-15 || total
-------------------------+-------+-------+-------+-------+-------++-------
Melee: Mace              |    86 |   108 |   108 |       |       ||   302
       Headbutt          |     8 |    27 |    57 |    95 |   130 ||   317
       Flail             |       |       |   117 |   125 |    59 ||   301
       Dire flail        |       |       |    74 |   384 |   220 ||   678
       Great mace        |       |       |       |       |   168 ||   168
 Fire: Shortbow          |       |       |       |   162 |   264 ||   426
Invok: Berserk           |     2 |       |     8 |     5 |     4 ||    19
       Trog's Hand       |       |       |     5 |     5 |     3 ||    13
       Burn Spellbooks   |       |       |     1 |     3 |     2 ||     6
       Brothers in Arms  |       |       |       |     3 |       ||     3
  Use: Scroll            |       |       |    11 |    11 |     7 ||    29
 Stab: Sleeping          |       |       |     1 |       |       ||     1
       Distracted        |       |       |     1 |       |       ||     1
  Eat: Chunk             |     2 |     6 |    12 |    20 |    15 ||    55
       Bread ration      |     1 |       |     2 |     1 |       ||     4
       Fruit             |       |       |     1 |     4 |    10 ||    15
       Pizza             |       |       |     1 |       |       ||     1
Armor: Animal skin       |    12 |    13 |     9 |       |       ||    34
       Scale mail        |       |       |    52 |    78 |   223 ||   353
       Plate armour      |       |       |    57 |   160 |       ||   217
Dodge: Dodged            |    58 |    60 |   123 |   187 |   200 ||   628
